 Dungeon Crawl Stone Soup version 0.27-a0-1220-g54dba09ff7 (webtiles) character file.

Game seed: 2676115836871513348

594 Delamore the Poker (level 7, 0/58 HPs)
             Began as a Formicid Fighter on June 7, 2021.
             Was a Follower of Ashenzari.
             Slain by Duvessa
             ... wielding a +0 short sword
              (4 damage)
             ... on level 5 of the Dungeon.
             The game lasted 00:05:38 (3143 turns).

Delamore the Poker (Formicid Fighter)               Turns: 3143, Time: 00:05:38

Health: 0/58       AC:  7    Str: 23    XL:     7   Next: 67%
Magic:  7/7        EV:  8    Int:  7    God:    Ashenzari [*.....]
Gold:   258        SH:  9    Dex: 10    Spells: 6/6 levels left

rFire    + . .     SeeInvis +   j - +4 glaive of Supernal Gnosis {vamp, Elem, Evo} (curse)
rCold    . . .     Faith    .   c - +0 kite shield
rNeg     . . .     Spirit   .   r - +1 ring mail of Ashenzari's Seeker {Contam rPois rF+ Slay+5, Melee, Self} (curse)
rPois    +         Reflect  .   (helmet unavailable)
rElec    .         Harm     .   p - +0 cloak
rCorr    .         Rampage  .   (no gloves)
Will     .....                  (no boots)
Stlth    ..........             (no amulet)
HPRegen  0.19/turn              (no ring)
MPRegen  0.10/turn              (no ring)

@: no status effects
A: permanent stasis, dig shafts and tunnels, antennae 3, four strong arms
a: Dig, Shaft Self, Renounce Religion, Shatter the Chains


You were on level 5 of the Dungeon.
You worshipped Ashenzari.
Ashenzari was aware of your devotion.
You visited 1 branch of the dungeon, and saw 5 of its levels.

You collected 258 gold pieces.

Inventory:

Hand Weapons
 a - a +1 trident
 j - the cursed +4 glaive of Supernal Gnosis (weapon) {vamp, Elem, Evo}
   (You acquired it on level 2 of the Dungeon)

   It inflicts no extra harm, but heals its wielder when it wounds a living foe.
   It has a curse which improves the following skills: Elements: Fire Magic, Ice
   Magic, Air Magic and Earth Magic.
   Evocations: Evocations.
Missiles
 g - 27 poisoned darts
 i - 4 atropa-tipped darts
Armour
 b - a +0 scale mail
 c - a +0 kite shield (worn)
 p - a +0 cloak (worn)
 r - the cursed +1 ring mail of Ashenzari's Seeker (worn) {Contam rPois rF+ Slay+5, Melee, Self}
   (You found it on level 4 of the Dungeon)

   It affects your accuracy and damage with ranged weapons and melee attacks
   (+5).
   It protects you from fire.
   It protects you from poison.
   It causes magical contamination when unequipped.
   It has a curse which improves the following skills: Melee Combat: Short
   Blades, Long Blades, Axes, Maces & Flails, Polearms, Staves and Unarmed
   Combat.
   Introspection: Fighting and Spellcasting.
Jewellery
 w - a +6 ring of dexterity
Wands
 n - a wand of polymorph (4)
Scrolls
 k - 3 scrolls of identify
 m - a scroll of brand weapon
 o - a scroll of magic mapping
 s - a scroll of enchant armour
 t - a scroll of immolation
 u - a scroll of fear
 v - a scroll of holy word
Potions
 d - a potion of might
 e - 4 potions of curing
 f - a potion of haste
 h - 2 potions of heal wounds
 l - 2 potions of berserk rage
 q - a potion of flight


   Skills:
 - Level 5.0(6.0) Fighting
 * Level 7.2(8.2) Polearms
 - Level 3.2 Armour
 - Level 3.6 Shields


You had 6 spell levels left.
You didn't know any spells.
Your spell library contained the following spells:

 Spells                   Type           Power      Damage    Failure   Level
 Animate Skeleton         Necr           0%         N/A       93%         1
 Apportation              Tloc           0%         N/A       93%         1
 Corona                   Hex            0%         N/A       93%         1
 Summon Small Mammal      Summ           0%         N/A       93%         1


Dungeon Overview and Level Annotations

Branches:
Dungeon (5/15)
 Temple: D:4-7

Altars:
Ashenzari

Shops:
D:4 (

Annotations:
D:5 Duvessa


Innate Abilities, Weirdness & Mutations

You cannot be hasted, slowed, berserked, paralysed or teleported.
You can dig through walls and to a lower floor.
You have a pair of large antennae on your head. (SInv)
Your four strong arms can wield two-handed weapons with a shield.


Message History

Duvessa hits you but does no damage. The orc hits you but does no damage.
Duvessa hits you with a +0 short sword.
The orc hits you from afar with a +0 trident.
The orc hits you with a +0 hand axe. Duvessa hits you but does no damage.
The orc barely misses you.
You slice the orc!!
You feel better.
You kill the orc!
You feel less confused. Duvessa closely misses you. You block Duvessa's attack.
You block the orc's attack. You block Duvessa's attack.
An adder comes into view.
The adder hisses angrily.
There is a stone staircase leading down here.
The orc hits you from afar with a +0 trident.
Duvessa barely misses you.
You climb downwards.
Found a +0 leather armour, a +0 chain mail and a ring of ice.
There is a stone staircase leading up here.
You barely miss Duvessa. Duvessa barely misses you.
Duvessa hits you but does no damage.
You slice Duvessa!!
Duvessa is heavily wounded.
Duvessa hits you but does no damage. You block Duvessa's attack.
Duvessa hits you with a +0 short sword!
You closely miss Duvessa.
Duvessa is heavily wounded.
Duvessa hits you with a +0 short sword. You block Duvessa's attack.
You barely miss Duvessa.
Duvessa is heavily wounded.
You block Duvessa's attack. x2
You hit Duvessa but do no damage.
Duvessa is heavily wounded.
You block Duvessa's attack. Duvessa hits you with a +0 short sword!
You barely miss Duvessa.
Duvessa is heavily wounded.
Duvessa hits you with a +0 short sword! x2
* * * LOW HITPOINT WARNING * * *
Duvessa hits you with a +0 short sword.
You die...

#######
#.....
####.....
#.......#
#..=[...#
#......@#
##.#...e..#
#.###### ..
##


You could see Duvessa (berserk).

Vanquished Creatures
  Grinder (D:3)
  Dowan (D:4)
  A howler monkey (D:4)
  2 hounds (D:2)
  Crazy Yiuf (D:3)
  Ijyb (D:3)
  An orc wizard (D:4)
  2 hound skeletons (D:4)
  A gnoll (D:3)
  5 adders
  An adder skeleton (D:4)
  A dart slug (D:2)
  2 orcs (D:4)
  10 ball pythons
  4 endoplasms
  2 giant cockroaches
  6 goblins
  9 hobgoblins
  13 jackals
  2 quokkas
  5 bats
  A frilled lizard (D:3)
  6 kobolds
  9 rats
87 creatures vanquished.

Vanquished Creatures (others)
  A plant (D:4)
1 creature vanquished.

Grand Total: 88 creatures vanquished

Notes
Turn   | Place    | Note
-------+----------+-------------------------------------------
     0 | D:1      | Delamore the Formicid Fighter began the quest for the Orb.
     0 | D:1      | Reached XP level 1. HP: 18/18 MP: 1/1
    85 | D:1      | Reached XP level 2. HP: 24/24 MP: 2/2
   254 | D:1      | Reached XP level 3. HP: 30/30 MP: 3/3
   257 | D:1      | Reached skill level 3 in Polearms
   690 | D:2      | Reached XP level 4. HP: 29/37 MP: 4/4
  1018 | D:2      | Identified a scroll of acquirement
  1018 | D:2      | Acquired a +4 vampiric glaive
  1513 | D:3      | Found a faded altar of an unknown god.
  1521 | D:3      | Became a worshipper of Ashenzari the Shackled
  1547 | D:3      | Noticed Ijyb
  1572 | D:3      | Killed Ijyb
  1573 | D:3      | Reached skill level 4 in Polearms
  1816 | D:3      | Found a runed translucent door.
  1817 | D:3      | Noticed Crazy Yiuf
  1873 | D:3      | Reached XP level 5. HP: 41/42 MP: 5/5
  1994 | D:3      | Noticed Grinder
  2014 | D:3      | Killed Grinder
  2015 | D:3      | Reached skill level 5 in Fighting
  2015 | D:3      | Reached skill level 5 in Polearms
  2015 | D:3      | Reached XP level 6. HP: 39/51 MP: 6/6
  2230 | D:2      | Reached skill level 6 in Polearms
  2230 | D:2      | Reached XP level 7. HP: 27/56 MP: 7/7
  2599 | D:3      | Killed Crazy Yiuf
  2634 | D:4      | Identified the +1 ring mail "Kesatokk" {Contam rPois rF+
                  | Slay+5}
  2734 | D:4      | Found Xiess's Antique Weapon Shop.
  3105 | D:4      | Reached * piety under Ashenzari
  3122 | D:4      | Noticed Dowan
  3126 | D:4      | Noticed Duvessa
  3128 | D:4      | Killed Dowan
  3129 | D:4      | Reached skill level 7 in Polearms
  3137 | D:5      | Entered Level 5 of the Dungeon
  3143 | D:5      | Slain by Duvessa

Illustrated notes

Levels and vault maps discovered:
D:1:      dpeg_arrival_refuge, layout_rooms
D:2:      layout_basic
D:3:      layout_loops_cross, ebering_ecumenical_altar_mist,
          cheibrodos_gnoll_hut, uniq_ijyb, uniq_crazy_yiuf_cottage, uniq_grinder
D:4:      minmay_skewed_foursquare, layout_basic, serial_shops, shop,
          minmay_misc_feat_secret_circle, guppyfry_early_lair_pool, uniq_duvessa
D:5:      layout_basic, old_standard_altar, serial_shops,
          nicolae_shop_temple_entry_statues_fountains, shop,
          nicolae_shop_waterfront, nicolae_shop_window_shopping,
          chequers_serial_rivers_micro_b

Skill      XL: |  1  2  3  4  5  6  7 |
---------------+----------------------+-----
Polearms       | 3 4 5 6 7 |  7.2
Fighting       | 4 5 |  5.0
Armour         | |  3.2
Shields        | |  3.6

Action                   |  1- 3 |  4- 6 |  7- 9 || total
-------------------------+-------+-------+-------++-------
Melee: Trident           |    78 |     6 |       ||    84
       Glaive            |       |    79 |    44 ||   123
       Unarmed           |       |    22 |       ||    22
Invok: Curse Item        |       |     1 |     1 ||     2
 Abil: Dig               |       |     2 |       ||     2
  Use: Scroll            |     2 |     3 |       ||     5
Armor: Scale mail        |    35 |    39 |       ||    74
       Skin              |       |     5 |       ||     5
       Ring mail         |       |       |    13 ||    13
Dodge: Dodged            |    20 |    50 |    11 ||    81
Block: Kite shield       |    37 |    52 |    17 ||   106

Table legend: (Time is in decaauts)
 A = Elapsed time spent in this place.
 B = Non-inter-level travel time spent in this place.
 C = Inter-level travel time spent in this place.
 D = Time resting spent in this place.
 E = Time spent auto-exploring this place.
 F = Levels seen in this place.
 G = Mean time per level.
                   A        B        C        D        E       F      G
               +--------+--------+--------+--------+--------+-----+--------+
         Total |   3245 |   3128 |    117 |    303 |   2220 |   5 |  649.0 |
       Dungeon |   3245 |   3128 |    117 |    303 |   2220 |   5 |  649.0 |
               +--------+--------+--------+--------+--------+-----+--------+

Top non-repeatable levels by time:
     D:2: 1189 daAuts
     D:3: 1018 daAuts
     D:4: 519 daAuts
     D:1: 509 daAuts
     D:5: 8 daAuts
